 Dungeon Crawl Stone Soup version 0.21.1-1-g345015fe64 (webtiles) character file.

421 Kohma the Sneak (level 6, 0/32 HPs)
             Began as a Vine Stalker Assassin on July 9, 2018.
             Was a Follower of Uskayaw.
             Slain by an ice beast (7 damage)
             ... on level 5 of the Dungeon.
             The game lasted 00:13:11 (2719 turns).

Kohma the Sneak (Vine Stalker Assassin)             Turns: 2719, Time: 00:13:12

Health: 0/32       AC: 11    Str: 14    XL:     6   Next: 94%
Magic:  0/16       EV: 10    Int: 13    God:    Uskayaw [*.....]
Gold:   64         SH:  0    Dex: 15    Spells: 5/5 levels left

rFire    . . .     SeeInvis +   a - +2 dagger
rCold    . . .     Gourm    .   (no shield)
rNeg     . . .     Faith    .   x - +0 ring mail
rPois    .         Spirit   +   y - +1 helmet
rElec    .         Reflect  .   d - +0 cloak
rCorr    .         Harm     .   h - +2 pair of gloves
MR       .....                  (no boots)
Stlth    +++.......             v - amulet of magic regeneration
HPRegen  0.50/turn              s - ring of see invisible
MPRegen  0.40/turn              B - ring of magical power

@: no status effects
A: fangs 2, regeneration 1, magic shield, antimagic bite, no potion heal 3, rot
immunity
a: Stomp, Renounce Religion


You were on level 5 of the Dungeon.
You worshipped Uskayaw.
Uskayaw was noncommittal.
You were not hungry.

You visited 1 branch of the dungeon, and saw 5 of its levels.

You collected 146 gold pieces.
You spent 82 gold pieces at shops.

Inventory:

Hand Weapons
 a - a +2 dagger (weapon)
 b - a +1 blowgun
Missiles
 e - 15 poisoned needles
 f - 2 curare-tipped needles
 o - 5 tomahawks
 q - 8 javelins (quivered)
Armour
 d - a +0 cloak (worn)
 h - a +2 pair of gloves (worn)
 x - a +0 ring mail (worn)
 y - a +1 helmet (worn)
Jewellery
 s - a ring of see invisible (left hand)
 v - an amulet of magic regeneration (around neck)
 B - a ring of magical power (right hand)
Scrolls
 i - 10 scrolls of remove curse
 l - 2 scrolls of identify
 m - a scroll of magic mapping
 p - 4 scrolls of amnesia
 u - 2 scrolls of teleportation
Potions
 j - a potion of agility
 k - 5 potions of curing
 n - a potion of berserk rage
 r - 2 potions of brilliance
 t - a potion of flight
Comestibles
 c - a chunk of flesh
 g - 6 rations


   Skills:
 + Level 2.8 Fighting
 * Level 3.8 Short Blades
 + Level 2.8 Throwing
 + Level 1.7 Armour
 - Level 0.7 Dodging
 * Level 6.9 Stealth


You had 5 spell levels left.
You didn't know any spells.

Dungeon Overview and Level Annotations

Branches:
Dungeon (6/15)             Temple (0/1) D:6

Altars:
Nemelex Xobeh
Uskayaw

Shops:
D:6 *


Innate Abilities, Weirdness & Mutations

You have extremely sharp teeth.
Your natural rate of healing is unusually fast.
When hurt, damage is shared between your health and your magic reserves.
Your bite disrupts and absorbs the magic of your enemies.
Potions cannot restore your health.
You are immune to rotting.


Message History

You closely miss the ice beast. Your bite misses the ice beast.
The ice beast is heavily wounded.
The ice beast hits you but does no damage.
You hit the ice beast.
The ice beast is heavily wounded.
The ice beast hits you but does no damage.
You hit the ice beast.
You bite the ice beast, but do no damage.
The ice beast is heavily wounded.
The ice beast hits you. The ice beast freezes you!
You hit the ice beast but do no damage. Your bite misses the ice beast.
The ice beast is heavily wounded.
The ice beast hits you. The ice beast freezes you!
* * * LOW HITPOINT WARNING * * *
You hit the ice beast but do no damage.
The ice beast is heavily wounded.
The ice beast hits you.
* * * LOW HITPOINT WARNING * * *
The ice beast freezes you!
You die...

########.#
#........#
##.####........#
#..............#
#.#.###........#
#.#...#........#
#.....#........#
#####..#........#
#...#..#...#.####
#.#@#..#.###.###
#.#.Y..#.#.....#
#.#.#...†#.....#
#.###....#.....#
#.#.#....###.###
#.#.....>....#
#.#....##...##
#.##......#.#
#.....#####.#


You could see an ice beast.

Vanquished Creatures
  A sky beast (D:5)
  The ghost of P0WERM0DE the Grave Robber, a weakling GnNe (D:3)
  A centaur skeleton (D:5)
  Terence (D:2)
  Natasha (thrice) (D:2)
  Robin (D:2)
  6 adders
  An ooze (D:3)
  2 adder zombies (D:5)
  A worm (D:2)
  3 dart slugs
  3 leopard geckos
  An orc (D:2)
  8 bats
  4 giant cockroaches
  12 goblins
  8 hobgoblins
  6 jackals
  4 kobolds
  3 quokkas
  10 frilled lizards
  A quokka skeleton (D:5)
  7 rats
88 creatures vanquished.

Notes
Turn   | Place    | Note
-------+----------+-------------------------------------------
     0 | D:1      | Kohma the Vine Stalker Assassin began the quest for the Orb.
     0 | D:1      | Reached XP level 1. HP: 11/11 MP: 2/2
    89 | D:1      | Reached skill level 5 in Stealth
   103 | D:1      | Reached XP level 2. HP: 15/15 MP: 3/3
   307 | D:1      | Reached XP level 3. HP: 10/18 MP: 2/4
   948 | D:2      | Gained mutation: Your natural rate of healing is unusually fast. [Vine Stalker growth]
   948 | D:2      | Reached XP level 4. HP: 23/23 MP: 5/5
  1405 | D:2      | Noticed Robin
  1428 | D:2      | Killed Robin
  1519 | D:2      | Reached skill level 1 in Armour
  1522 | D:2      | Noticed Natasha
  1530 | D:2      | Killed Natasha
  1530 | D:2      | Reached XP level 5. HP: 18/27 MP: 2/6
  1616 | D:2      | Noticed Terence
  1639 | D:2      | Noticed Natasha
  1655 | D:2      | Killed Natasha
  1655 | D:2      | Reached skill level 6 in Stealth
  1657 | D:2      | Killed Terence
  1960 | D:2      | Noticed Natasha
  1971 | D:2      | Killed Natasha
  1978 | D:2      | Reached XP level 6. HP: 32/32 MP: 7/7
  1999 | D:2      | Found a sparkling altar of Nemelex Xobeh.
  2079 | D:3      | Found a hide-covered altar of Uskayaw.
  2084 | D:3      | Became a worshipper of Uskayaw the Reveler
  2090 | D:3      | Noticed P0WERM0DE's ghost (weakling GnNe)
  2109 | D:3      | Reached * piety under Uskayaw
  2137 | D:3      | Reached ** piety under Uskayaw
  2148 | D:3      | Reached *** piety under Uskayaw
  2149 | D:3      | Killed P0WERM0DE's ghost
  2463 | D:3      | You fall through a shaft for 3 floors!
  2501 | D:6      | Found Huqehid's General Store.
  2515 | D:6      | Bought a scroll of magic mapping for 52 gold pieces
  2515 | D:6      | Bought a scroll of identify for 30 gold pieces
  2551 | D:5      | Entered Level 5 of the Dungeon
  2551 | D:5      | Noticed a sky beast
  2575 | D:5      | Killed a sky beast
  2666 | D:5      | Noticed an ice beast
  2668 | D:5      | Noticed a phantom
  2719 | D:5      | Slain by an ice beast

Skill      XL: |  1  2  3  4  5 |
---------------+----------------+-----
Stealth        | 5 6 |  6.9
Short Blades   | 2 3 |  3.8
Fighting       | 2 |  2.8
Throwing       | 2 |  2.8
Armour         | 1 |  1.7
Dodging        | |  0.7

Action                   |  1- 3 |  4- 6 || total
-------------------------+-------+-------++-------
Melee: Dagger            |    61 |   251 ||   312
       Bite              |    11 |    66 ||    77
 Fire: Blowgun           |     7 |    13 ||    20
  Use: Scroll            |       |    14 ||    14
 Stab: Sleeping          |     9 |     2 ||    11
       Paralysed         |       |     2 ||     2
  Eat: Chunk             |       |     5 ||     5
       Ration            |       |     1 ||     1
Armor: Robe              |    20 |     1 ||    21
       Ring mail         |       |   111 ||   111
Dodge: Dodged            |    39 |   131 ||   170
